[Event "Hungarian Youth-ch I 2024"]
[Site "Szolnok"]
[Date "2024.04.03"]
[Round "4.21"]
[White "Kovacs, Veronika"]
[Black "Sipos, Stefania"]
[Result "0-1"]
[ECO "E00"]
[WhiteElo "1931"]
[BlackElo "1885"]
[Annotator "RC"]
[PlyCount "116"]
[EventDate "2024.03.31"]
[EventType "swiss"]
[EventCountry "HUN"]
[SourceTitle "playchess.com"]
[Source "ChessBase"]
[SourceQuality "1"]
[TimeControl "5400+30"]

1. d4 e6 2. c4 Bb4+ 3. Nc3 b6 4. Nf3 Bb7 5. e3 Nf6 6. Bd2 O-O 7. Bd3 Bxc3 8. Bxc3 Ne4 9. Bxe4 Bxe4 10. d5 exd5 11. cxd5 Qe7 12. Qd4 f6 13. Nd2 Bg6 14. h4 h6 15. g4 d6 16. g5 h5 17. Ke2 f5 18. f4 a5 19. a3 a4 20. Rae1 Nd7 21. Kd1 Nc5 22. Rhf1 Rae8 23. Rf2 Qd7 24. Kc2 Re7 25. Bb4 Ne4 26. Nxe4 Rxe4 27. Qd3 Rfe8 28. Bc3 Qe7 29. Bd4 Qf7 30. Qc4 b5 31. Qc3 R8e7 32. Rd1 Qxd5 33. Bxg7 Qb3+ 34. Kd2 Rxg7 35. Rc1 Qd5+ 36. Ke2 Rge7 37. Rf3 Rc4 38. Qe1 Rxc1 39. Qxc1 Bf7 40. Kf2 Qc4 41. Qd2 Bd5 42. Rg3 Be4 43. g6 Qc2 44. Qxc2 Bxc2 45. Rg5 Re6 46. Rxh5 Rxg6 47. Rg5 Kh7 48. Ke2 c5 49. h5 Rf6 50. Rg1 Kh6 51. Rg8 Kxh5 52. Rb8 Bb3 53. Kd2 Bc4 54. Rb6 Kg4 55. Rb7 Kf3 56. Re7 Rh6 57. Kc3 Re6 58. Rxe6 Bxe6 0-1

[Event "Hungarian Youth-ch I 2024"]
[Site "Szolnok"]
[Date "2024.04.03"]
[Round "4.22"]
[White "Harkai, Emma"]
[Black "Kiraly, Lilla Virag"]
[Result "1/2-1/2"]
[ECO "B24"]
[WhiteElo "1918"]
[BlackElo "1923"]
[Annotator "RC"]
[PlyCount "113"]
[EventDate "2024.03.31"]
[EventType "swiss"]
[EventCountry "HUN"]
[SourceTitle "playchess.com"]
[Source "ChessBase"]
[SourceQuality "1"]
[TimeControl "5400+30"]

1. e4 c5 2. Nc3 Nc6 3. Bb5 e6 4. Bxc6 bxc6 5. d3 d5 6. Nf3 Nf6 7. O-O Be7 8. Re1 O-O 9. b3 Ba6 10. Bg5 h6 11. Bh4 Re8 12. Bg3 c4 13. Ne5 Rc8 14. Na4 Bb5 15. Nc3 Bb4 16. Nxb5 Bxe1 17. Nxf7 Bxf2+ 18. Kxf2 Qb6+ 19. Ke1 Qg1+ 20. Kd2 Qxg2+ 21. Qe2 Qxe2+ 22. Kxe2 cxb5 23. Nd6 cxd3+ 24. cxd3 dxe4 25. dxe4 Red8 26. Nxc8 Rxc8 27. Kd3 Kf7 28. Rf1 Kg6 29. Rg1 Kh7 30. Be5 Rd8+ 31. Ke3 Ne8 32. Rf1 Kg8 33. Bd4 Rd7 34. Bc5 Nf6 35. h3 Rc7 36. Bd4 Nd7 37. e5 Nf8 38. b4 Ng6 39. Rg1 Kh7 40. a3 Ne7 41. Bc5 Nf5+ 42. Ke4 a5 43. Rd1 axb4 44. axb4 Kg6 45. Rd8 Kh5 46. Re8 Rc6 47. Rxe6 Rxe6 48. Kxf5 Re8 49. e6 Kh4 50. e7 Kh5 51. Ke6 Kg6 52. h4 h5 53. Bb6 Rh8 54. Bc7 Re8 55. Bb6 Rh8 56. Bc7 Re8 57. Bb6 1/2-1/2

[Event "Hungarian Youth-ch I 2024"]
[Site "Szolnok"]
[Date "2024.04.03"]
[Round "4.23"]
[White "Buri, Petra Zsuzsanna"]
[Black "Alexandrova, Angelina"]
[Result "1-0"]
[ECO "C07"]
[WhiteElo "1972"]
[BlackElo "1812"]
[Annotator "RC"]
[PlyCount "111"]
[EventDate "2024.03.31"]
[EventType "swiss"]
[EventCountry "HUN"]
[SourceTitle "playchess.com"]
[Source "ChessBase"]
[SourceQuality "1"]
[TimeControl "5400+30"]

1. e4 e6 2. d4 d5 3. Nd2 c5 4. exd5 Qxd5 5. dxc5 Bxc5 6. Ngf3 Nf6 7. Bc4 Qc6 8. Qe2 O-O 9. O-O Nbd7 10. a4 a5 11. Nb3 b6 12. Bb5 Qc7 13. Bg5 Bb7 14. Nxc5 Qxc5 15. Rfd1 Bxf3 16. Qxf3 Qxg5 17. Bxd7 Nxd7 18. Rxd7 Rad8 19. Qd3 Rxd7 20. Qxd7 Rd8 21. Qc7 Qd5 22. h3 Qd6 23. Qxd6 Rxd6 24. Kf1 Kf8 25. Ke2 Ke7 26. c3 f5 27. b4 axb4 28. cxb4 g5 29. a5 bxa5 30. bxa5 Ra6 31. g4 Kd6 32. Ke3 Kc5 33. Rc1+ Kb4 34. Kd4 e5+ 35. Kxe5 Rxa5+ 36. Kf6 fxg4 37. hxg4 Ra2 38. Rf1 h6 39. Kg7 Kc4 40. Kxh6 Kd3 41. Kxg5 Ke2 42. Rh1 Ra5+ 43. Kf6 Kxf2 44. Rh3 Ra6+ 45. Kg5 Ra5+ 46. Kg6 Ra6+ 47. Kh5 Ra5+ 48. g5 Kg2 49. Rb3 Kg1 50. Kh6 Ra2 51. g6 Rh2+ 52. Kg7 Rg2 53. Kh7 Rh2+ 54. Kg8 Rg2 55. g7 Rg4 56. Rb6 1-0

[Event "Hungarian Youth-ch I 2024"]
[Site "Szolnok"]
[Date "2024.04.03"]
[Round "4.24"]
[White "Beznicza, Mira"]
[Black "Kovacs, Reka"]
[Result "0-1"]
[ECO "C77"]
[WhiteElo "1801"]
[BlackElo "1855"]
[Annotator "NA RC"]
[PlyCount "140"]
[EventDate "2024.03.31"]
[EventType "swiss"]
[EventCountry "HUN"]
[SourceTitle "playchess.com"]
[Source "ChessBase"]
[SourceQuality "1"]
[TimeControl "5400+30"]

1. e4 e5 2. Nf3 Nc6 3. Bb5 a6 4. Ba4 Nf6 5. d4 exd4 6. O-O Be7 7. Re1 b5 8. Bb3 d6 9. Bd5 Nxd5 10. exd5 Ne5 11. Nxd4 O-O 12. Bf4 Bf6 13. Nc3 Bd7 14. Ne4 Nc4 15. Rb1 Nb6 16. Ne2 Nc4 17. Nd4 Re8 18. Qd3 Ne5 19. Qd2 Nc4 20. Qd3 Nb6 21. Ne2 Bf5 22. N2g3 Bg6 23. b3 Nd7 24. Qd2 Be5 25. Bxe5 dxe5 26. Rbc1 h6 27. f4 f5 28. Nf2 Qf6 29. c4 bxc4 30. Rxc4 exf4 31. Rxe8+ Rxe8 32. Qxf4 Re1+ 33. Nf1 Bh5 34. Rxc7 Be2 35. Rc8+ Nf8 36. Rc1 Rxf1+ 37. Rxf1 Bxf1 38. Kxf1 Qa1+ 39. Ke2 Qxa2+ 40. Qd2 Qxb3 41. d6 Nd7 42. Nh3 Qc4+ 43. Ke1 Qe4+ 44. Kf2 Qc4 45. Qe3 Qe4 46. Qb3+ Kf8 47. Qd1 a5 48. g3 a4 49. Nf4 Kf7 50. Qd2 g5 51. Qa2+ Kf6 52. Qb2+ Qe5 53. Nd5+ Ke6 54. Nc7+ Kxd6 55. Nb5+ Kc6 56. Nd4+ Kd5 57. Qb7+ Kc4 58. Qa6+ Kxd4 59. Qxa4+ Kc5 60. Qxd7 Qd4+ 61. Qxd4+ Kxd4 62. Kf3 Kd3 63. h3 Kd4 64. h4 gxh4 65. gxh4 Ke5 66. Ke3 f4+ 67. Kf3 Kf5 68. h5 Kg5 69. Ke4 Kg4 70. Ke5 f3 0-1

[Event "Hungarian Youth-ch I 2024"]
[Site "Szolnok"]
[Date "2024.04.03"]
[Round "4.25"]
[White "Karacsonyi, Luca"]
[Black "Toth, Timea"]
[Result "1-0"]
[ECO "B22"]
[WhiteElo "1956"]
[BlackElo "1978"]
[Annotator "NA RC"]
[PlyCount "41"]
[EventDate "2024.03.31"]
[EventType "swiss"]
[EventCountry "HUN"]
[SourceTitle "playchess.com"]
[Source "ChessBase"]
[SourceQuality "1"]
[TimeControl "5400+30"]

1. e4 c5 2. c3 d5 3. exd5 Qxd5 4. d4 Nf6 5. Nf3 g6 6. Be3 Ng4 7. Nbd2 Bg7 8. Bc4 $14 ({Worse is} 8. dxc5 Nxe3 9. fxe3 Qxc5 $17) 8... Nxe3 9. fxe3 Qc6 10. O-O O-O 11. Ng5 Bf6 12. Nge4 b5 13. Nxf6+ exf6 14. Be2 Qb6 15. Bf3 Nc6 16. Ne4 cxd4 17. Nxf6+ Kg7 18. Bxc6 Qxc6 19. Qxd4 Bb7 20. Ne8+ Kh6 21. Qh4# 1-0

[Event "Hungarian Youth-ch I 2024"]
[Site "Szolnok"]
[Date "2024.04.03"]
[Round "4.26"]
[White "Bende, Eniko Tunde"]
[Black "Balazs, Sztella Anna"]
[Result "1-0"]
[ECO "B22"]
[WhiteElo "1650"]
[BlackElo "1805"]
[Annotator "NA RC"]
[PlyCount "75"]
[EventDate "2024.03.31"]
[EventType "swiss"]
[EventCountry "HUN"]
[SourceTitle "playchess.com"]
[Source "ChessBase"]
[SourceQuality "1"]
[TimeControl "5400+30"]

1. e4 c5 2. c3 Nf6 3. e5 Nd5 4. d4 d6 5. Nf3 cxd4 6. cxd4 Nc6 7. Bc4 Nb6 8. Bb5 dxe5 9. Nxe5 Bd7 10. Bxc6 Bxc6 11. Nxc6 bxc6 12. O-O g6 13. Nc3 Bg7 14. Be3 O-O 15. Qf3 Qd7 16. Rfd1 Rfd8 17. Rac1 Rac8 18. h3 Qb7 19. b3 Nd5 20. Ne4 Qa6 21. Nc5 Qb6 22. Qg3 Nc7 23. a4 Rd5 24. Rd2 Rcd8 25. Rcd1 Ne8 26. a5 Qb4 27. Qf4 Nd6 28. g4 Qxa5 29. f3 Qb4 30. Qg3 Nb7 31. Nxb7 Qxb7 32. f4 Qxb3 33. Rd3 Qc4 34. f5 Bxd4 35. Bxd4 Rxd4 36. Rxd4 Rxd4 37. Qb8+ Kg7 38. Qe5+ 1-0

[Event "Hungarian Youth-ch I 2024"]
[Site "Szolnok"]
[Date "2024.04.03"]
[Round "4.27"]
[White "Szarvas, Nora"]
[Black "Nandin-Erdene, Davaademberel"]
[Result "1/2-1/2"]
[ECO "B13"]
[WhiteElo "1955"]
[BlackElo "1978"]
[Annotator "NA RC"]
[PlyCount "72"]
[EventDate "2024.03.31"]
[EventType "swiss"]
[EventCountry "HUN"]
[SourceTitle "playchess.com"]
[Source "ChessBase"]
[SourceQuality "1"]
[TimeControl "5400+30"]

1. e4 c6 2. d4 d5 3. exd5 cxd5 4. Nf3 Nc6 5. Bb5 a6 6. Bxc6+ bxc6 7. Ne5 Bb7 8. c4 g6 9. Nc3 Nf6 $16 10. c5 Nd7 11. Qe2 Bg7 12. Bf4 O-O 13. O-O Nxe5 14. Bxe5 f6 15. Bg3 Bc8 16. Rfe1 Re8 17. f4 Bf5 18. h3 Kh8 19. Bh2 Qd7 20. Rad1 Qa7 21. g4 Bd7 22. Na4 Rad8 23. Nb6 e6 24. Rd3 e5 25. fxe5 fxe5 26. Bxe5 Bxe5 27. dxe5 Be6 28. Ra3 Qe7 29. Qf2 Rf8 30. Qd4 Qh4 31. Rf1 Rxf1+ 32. Kxf1 Rf8+ 33. Kg2 Qe1 34. Rf3 Rxf3 35. Kxf3 Qf1+ 36. Kg3 Qe1+ 1/2-1/2

[Event "Hungarian Youth-ch I 2024"]
[Site "Szolnok"]
[Date "2024.04.03"]
[Round "5.1"]
[White "Kocsmar, Akos"]
[Black "Fule, Simon"]
[Result "1/2-1/2"]
[ECO "E71"]
[WhiteElo "2029"]
[BlackElo "2262"]
[Annotator "RC"]
[PlyCount "36"]
[EventDate "2024.03.31"]
[EventType "swiss"]
[EventCountry "HUN"]
[SourceTitle "playchess.com"]
[Source "ChessBase"]
[SourceQuality "1"]
[TimeControl "5400+30"]

1. d4 Nf6 2. c4 d6 3. Nc3 g6 4. e4 Bg7 5. h3 O-O 6. Be3 e5 7. d5 Na6 8. g4 Nc5 9. f3 a5 10. Qd2 c6 11. Nge2 cxd5 12. cxd5 Bd7 13. Ng3 a4 14. h4 Qa5 15. h5 Rfc8 16. g5 Ne8 17. Nb1 Nc7 18. Na3 Nb5 1/2-1/2

[Event "Hungarian Youth-ch I 2024"]
[Site "Szolnok"]
[Date "2024.04.03"]
[Round "5.2"]
[White "Gathi, Donat"]
[Black "Bekesi, Aron"]
[Result "1-0"]
[ECO "C78"]
[WhiteElo "2192"]
[BlackElo "1783"]
[Annotator "RC"]
[PlyCount "117"]
[EventDate "2024.03.31"]
[EventType "swiss"]
[EventCountry "HUN"]
[SourceTitle "playchess.com"]
[Source "ChessBase"]
[SourceQuality "1"]
[TimeControl "5400+30"]

1. e4 e5 2. Nf3 Nc6 3. Bb5 a6 4. Ba4 Nf6 5. O-O b5 6. Bb3 Bc5 7. c3 d6 8. d4 Bb6 9. h3 O-O 10. Re1 Bd7 11. a4 Qe7 12. Bc2 h6 13. d5 Na5 14. Nbd2 c5 15. Nf1 c4 16. Ng3 Nh7 17. Qe2 Nb7 18. Kh1 Nc5 19. Nh2 Qh4 20. Nf5 Bxf5 21. exf5 Nf6 22. Be3 Nxd5 23. Bxc5 dxc5 24. Qxe5 Rad8 25. axb5 axb5 26. Nf3 Qf4 27. Qxf4 Nxf4 28. Ra6 Bc7 29. Rc6 Bd6 30. Rb6 b4 31. Be4 Nd3 32. Bxd3 cxd3 33. g3 bxc3 34. bxc3 Bb8 35. f6 d2 36. Rd1 Rd3 37. fxg7 Kxg7 38. Kg2 Rfd8 39. Nh4 Rxc3 40. Nf5+ Kh7 41. Rxh6+ Kg8 42. Kf1 Rc1 43. Ke2 Rxd1 44. Kxd1 Be5 45. Rc6 Bd4 46. Nxd4 cxd4 47. Kxd2 Kg7 48. Kd3 f6 49. Rc4 Kg6 50. Rxd4 Rh8 51. h4 Re8 52. Re4 Ra8 53. Ke3 Ra3+ 54. Kf4 Ra2 55. f3 Ra5 56. g4 Ra6 57. h5+ Kg7 58. Re7+ Kh6 59. Kf5 1-0

[Event "Hungarian Youth-ch I 2024"]
[Site "Szolnok"]
[Date "2024.04.03"]
[Round "5.3"]
[White "Szikszai, Bertalan"]
[Black "Frank, Balint"]
[Result "1-0"]
[ECO "C54"]
[WhiteElo "2312"]
[BlackElo "1939"]
[Annotator "RC"]
[PlyCount "91"]
[EventDate "2024.03.31"]
[EventType "swiss"]
[EventCountry "HUN"]
[SourceTitle "playchess.com"]
[Source "ChessBase"]
[SourceQuality "1"]
[TimeControl "5400+30"]

1. e4 e5 2. Nf3 Nc6 3. Bc4 Bc5 4. c3 Nf6 5. d3 O-O 6. O-O d6 7. Re1 a6 8. a4 h6 9. h3 Be6 10. Bxe6 fxe6 11. b4 Ba7 12. Be3 Bxe3 13. Rxe3 Qe8 14. Nbd2 b5 15. Qb3 Qf7 16. Rc1 Nh5 17. g3 d5 18. Re2 Rad8 19. axb5 axb5 20. Qc2 Qg6 21. Kh2 Rd7 22. Qd1 dxe4 23. Rxe4 Rxd3 24. Qe2 Rfd8 25. Nb3 Nf6 26. Re3 Rxe3 27. Qxe3 Qd3 28. Qxd3 Rxd3 29. Ne1 Rd6 30. Kg2 Kf7 31. c4 Nxb4 32. cxb5 Nfd5 33. Nf3 Nd3 34. Rc4 Rb6 35. Nc5 Nxc5 36. Rxc5 Kf6 37. Nd2 g5 38. Kf3 Rb7 39. Ne4+ Ke7 40. Kg4 Nb4 41. Kh5 Nd3 42. Rc3 Nb4 43. Kxh6 Rxb5 44. Rxc7+ Kd8 45. Rf7 Ke8 46. Nd6+ 1-0

[Event "Hungarian Youth-ch I 2024"]
[Site "Szolnok"]
[Date "2024.04.03"]
[Round "5.4"]
[White "Borzsei, Andras"]
[Black "Herpai, Jozsef Matyas"]
[Result "1-0"]
[ECO "D35"]
[WhiteElo "2126"]
[BlackElo "2037"]
[Annotator "RC"]
[PlyCount "51"]
[EventDate "2024.03.31"]
[EventType "swiss"]
[EventCountry "HUN"]
[SourceTitle "playchess.com"]
[Source "ChessBase"]
[SourceQuality "1"]
[TimeControl "5400+30"]

1. d4 Nf6 2. c4 e6 3. Nc3 d5 4. cxd5 Nxd5 5. e4 Nxc3 6. bxc3 c5 7. Nf3 cxd4 8. cxd4 Bb4+ 9. Bd2 Bxd2+ 10. Qxd2 O-O 11. Bc4 Nd7 12. O-O b6 13. Rfe1 Bb7 14. Rad1 Rc8 15. Bb3 Nf6 16. d5 exd5 17. exd5 Rc5 18. d6 Bd5 19. Bxd5 Rxd5 20. Qb4 Rxd1 21. Rxd1 Re8 22. d7 Re4 23. Qc3 Nxd7 24. Ne5 Qe8 25. Nxd7 Re7 26. Ne5 1-0

[Event "Hungarian Youth-ch I 2024"]
[Site "Szolnok"]
[Date "2024.04.03"]
[Round "5.5"]
[White "Barna, Peter"]
[Black "Jankovics, Emod"]
[Result "0-1"]
[ECO "B23"]
[WhiteElo "1702"]
[BlackElo "1699"]
[Annotator "NA RC"]
[PlyCount "96"]
[EventDate "2024.03.31"]
[EventType "swiss"]
[EventCountry "HUN"]
[SourceTitle "playchess.com"]
[Source "ChessBase"]
[SourceQuality "1"]
[TimeControl "5400+30"]

1. e4 c5 2. Nc3 Nc6 3. f4 g6 4. Bb5 Bg7 5. Nf3 Nd4 6. O-O Nxb5 7. Nxb5 d5 8. exd5 a6 9. Nc3 Nf6 10. Na4 Nxd5 11. Nxc5 Nxf4 12. d4 Bxd4+ 13. Kh1 Bxc5 14. Qxd8+ Kxd8 15. Bxf4 f6 16. Rad1+ Ke8 17. h3 g5 18. Bc7 Bd7 19. Rd5 Ba7 20. Re1 Bc6 21. Rf5 Bxf3 22. Rxf3 Kf7 23. Rd3 Rhe8 24. Rd7 Bb8 25. Bb6 Bg3 26. Re2 Rac8 27. Rxb7 Rcd8 28. Bxd8 Rxd8 29. Rexe7+ Kg6 30. Rbd7 Rc8 31. c3 Rc4 32. Rg7+ Kf5 33. Rxh7 Rf4 34. Rd1 Rf2 35. Rb1 Be5 36. Ra7 Kf4 37. Rxa6 Kg3 38. Ra4 f5 39. b4 f4 40. b5 Bc7 41. c4 Bb6 42. Ra6 Be3 43. Ra3 Rxg2 44. Rxe3+ fxe3 45. Rb3 Re2 46. Rb1 Rd2 47. b6 e2 48. Rb3+ Kf2 0-1

[Event "Hungarian Youth-ch I 2024"]
[Site "Szolnok"]
[Date "2024.04.03"]
[Round "5.6"]
[White "Kolimar, Kristof Pal"]
[Black "Bodrogi, Bendeguz"]
[Result "1-0"]
[ECO "A06"]
[WhiteElo "2282"]
[BlackElo "2316"]
[Annotator "RC"]
[PlyCount "93"]
[EventDate "2024.03.31"]
[EventType "swiss"]
[EventCountry "HUN"]
[SourceTitle "playchess.com"]
[Source "ChessBase"]
[SourceQuality "1"]
[TimeControl "5400+30"]

1. Nf3 d5 2. d4 e6 3. c4 Nf6 4. g3 Nc6 5. Bg2 Bd6 6. O-O O-O 7. b3 dxc4 8. bxc4 e5 9. c5 Be7 10. dxe5 Qxd1 11. Rxd1 Ne4 12. Be3 Bxc5 13. Bxc5 Nxc5 14. Na3 Be6 15. Rac1 Na6 16. Nb5 Bxa2 17. Rd2 Nab4 18. Nxc7 Rad8 19. Rb2 a5 20. Bh3 Rb8 21. e6 fxe6 22. Rxa2 Nxa2 23. Bxe6+ Kh8 24. Bxa2 Rfc8 25. Nd5 b5 26. Ng5 Nd8 27. Rd1 h6 28. Nf3 Nc6 29. Nf4 g5 30. Ne6 a4 31. Bb1 Ra8 32. Rd6 a3 33. Nc5 Ne7 34. Rxh6+ Kg7 35. Rh7+ Kg8 36. Ne6 Rc1+ 37. Kg2 Rxb1 38. Rg7+ Kh8 39. Ne5 Rf8 40. Rxe7 Rf6 41. Re8+ Kh7 42. Nxg5+ Kh6 43. Rg8 Rf5 44. Rg6+ Kh5 45. g4+ Kh4 46. Ngf3+ Rxf3 47. Nxf3# 1-0

[Event "Hungarian Youth-ch I 2024"]
[Site "Szolnok"]
[Date "2024.04.03"]
[Round "5.7"]
[White "Turcsanyi, Vince Gergo"]
[Black "Panda, Barnabas"]
[Result "1-0"]
[ECO "A13"]
[WhiteElo "2247"]
[BlackElo "2066"]
[Annotator "RC"]
[PlyCount "63"]
[EventDate "2024.03.31"]
[EventType "swiss"]
[EventCountry "HUN"]
[SourceTitle "playchess.com"]
[Source "ChessBase"]
[SourceQuality "1"]
[TimeControl "5400+30"]

1. c4 e6 2. Nf3 Nf6 3. Nc3 d5 4. e3 Be7 5. b3 O-O 6. Bb2 c5 7. cxd5 Nxd5 8. h4 Nc6 9. a3 b6 10. Bd3 f5 11. Qb1 Bf6 12. g4 Ne5 13. Nxe5 Bxe5 14. gxf5 Nxc3 15. Bxc3 Bxc3 16. dxc3 exf5 17. Qc2 Bb7 18. Rg1 Qxh4 19. O-O-O Be4 20. Bc4+ Kh8 21. Qe2 Qf6 22. Kb2 Rad8 23. a4 Rxd1 24. Rxd1 Rd8 25. Rxd8+ Qxd8 26. f3 Bc6 27. e4 Qa8 28. exf5 Bxf3 29. Qe7 Bh5 30. f6 Qg2+ 31. Ka3 h6 32. Qf8+ 1-0

[Event "Hungarian Youth-ch I 2024"]
[Site "Szolnok"]
[Date "2024.04.03"]
[Round "5.8"]
[White "Csernyik, Mark"]
[Black "Szegedy, Matyas"]
[Result "1-0"]
[ECO "B13"]
[WhiteElo "2016"]
[BlackElo "2177"]
[Annotator "RC"]
[PlyCount "63"]
[EventDate "2024.03.31"]
[EventType "swiss"]
[EventCountry "HUN"]
[SourceTitle "playchess.com"]
[Source "ChessBase"]
[SourceQuality "1"]
[TimeControl "5400+30"]

1. e4 c6 2. d4 d5 3. exd5 cxd5 4. Nf3 Nf6 5. Ne5 g6 6. Bb5+ Nbd7 7. O-O Bg7 8. c4 O-O 9. Nc3 a6 10. Bxd7 Bxd7 11. cxd5 Bb5 12. Re1 Nxd5 13. a4 Bc6 14. Nxc6 bxc6 15. Bg5 Re8 16. Qd2 Ra7 17. Bh6 Bh8 18. Rac1 Rb7 19. Ne4 Rb4 20. Rxc6 Rxa4 21. Qe2 Qa8 22. Rec1 Rxd4 23. Ng5 Nf4 24. Qf3 Red8 25. h4 Be5 26. g3 Rd3 27. Qe4 Rd1+ 28. Rxd1 Rxd1+ 29. Kh2 Qb8 30. gxf4 Bxf4+ 31. Kg2 Rd8 32. Nxf7 1-0

[Event "Hungarian Youth-ch I 2024"]
[Site "Szolnok"]
[Date "2024.04.03"]
[Round "5.9"]
[White "Apro, Barnabas"]
[Black "Foldes, Marton Gabor"]
[Result "1-0"]
[ECO "B48"]
[WhiteElo "2026"]
[BlackElo "2162"]
[Annotator "RC"]
[PlyCount "111"]
[EventDate "2024.03.31"]
[EventType "swiss"]
[EventCountry "HUN"]
[SourceTitle "playchess.com"]
[Source "ChessBase"]
[SourceQuality "1"]
[TimeControl "5400+30"]

1. e4 c5 2. Nf3 e6 3. d4 cxd4 4. Nxd4 Nc6 5. Nc3 Qc7 6. Be3 a6 7. Qd2 Nf6 8. O-O-O Be7 9. f3 O-O 10. g4 Nxd4 11. Bxd4 b5 12. g5 Nh5 13. Ne2 Bb7 14. Bh3 g6 15. Bg4 Ng7 16. h4 e5 17. Be3 d5 18. exd5 Rad8 19. Qc3 Qxc3 20. Nxc3 b4 21. Ne4 Rxd5 22. Rxd5 Bxd5 23. Rd1 Bxe4 24. fxe4 f5 25. Be2 fxe4 26. Rd7 Nf5 27. Bc4+ Kh8 28. Bb6 Rc8 29. Bd5 Bf8 30. h5 e3 31. Bc7 Re8 32. Bf7 Re7 33. Rxe7 Nxe7 34. h6 Nc6 35. Bd5 Be7 36. Bxc6 Bxg5 37. Bxe5+ Kg8 38. Bd5+ Kf8 39. Bg7+ Ke7 40. Kd1 Kd6 41. Bg8 Ke7 42. Ke2 a5 43. Kf3 a4 44. c4 bxc3 45. bxc3 Ke8 46. c4 Ke7 47. c5 Kd7 48. Bxh7 Kc6 49. Bxg6 Bxh6 50. Bxh6 Kxc5 51. Bxe3+ Kb4 52. Bf7 Ka3 53. Bc5+ Kb2 54. a3 Kc3 55. Ke4 Kb2 56. Kd4 1-0

[Event "Hungarian Youth-ch I 2024"]
[Site "Szolnok"]
[Date "2024.04.03"]
[Round "5.10"]
[White "Varga, Boldizsar"]
[Black "Megyaszai, Balazs"]
[Result "0-1"]
[ECO "A13"]
[WhiteElo "1990"]
[BlackElo "2029"]
[Annotator "RC"]
[PlyCount "168"]
[EventDate "2024.03.31"]
[EventType "swiss"]
[EventCountry "HUN"]
[SourceTitle "playchess.com"]
[Source "ChessBase"]
[SourceQuality "1"]
[TimeControl "5400+30"]

1. c4 e6 2. Nf3 d5 3. g3 Nf6 4. Bg2 d4 5. O-O Nc6 6. d3 Bc5 7. a3 a5 8. Nbd2 O-O 9. Ng5 e5 10. Nge4 Nxe4 11. Nxe4 Be7 12. f4 exf4 13. Bxf4 f5 14. Nf2 Bd6 15. Nh3 Qe7 16. Qd2 Ne5 17. Bxe5 Bxe5 18. Rae1 Bf6 19. Kh1 c6 20. e4 dxe3 21. Rxe3 Qd6 22. Rfe1 Bd7 23. Nf4 Qc5 24. Qe2 Rad8 25. Bf1 Qb6 26. Ne6 Bxe6 27. Rxe6 Qxb2 28. Qxb2 Bxb2 29. a4 Bf6 30. Kg2 Kf7 31. Kf3 Rd7 32. h3 Ra8 33. R6e3 Bd4 34. R3e2 Bc3 35. Rd1 Ra6 36. Rc2 Bf6 37. Rb1 Ra8 38. Re1 Re8 39. Rxe8 Kxe8 40. Re2+ Kd8 41. Re1 Kc7 42. Rb1 Kd6 43. Ke3 Bg5+ 44. Kf3 Kc5 45. g4 fxg4+ 46. Kxg4 h6 47. Kf5 Kd4 48. Kg4 Kc3 49. Kf3 Kc2 50. Re1 Kb3 51. Ra1 Bf6 52. Rb1+ Kxa4 53. Ke2 Ka3 54. Kd1 Ka2 55. Kc2 a4 56. Rb4 a3 57. c5 Bb2 58. Bg2 Rf7 59. Be4 Rf2+ 60. Kd1 Rf1+ 61. Kc2 Rc1+ 62. Kd2 Bc3+ 63. Kxc1 Bxb4 64. Kc2 Bxc5 65. Bf5 Bd4 66. Bc8 b6 67. Bd7 c5 68. Be6+ Ka1 69. Bd7 g5 70. Be8 a2 71. Bc6 Bc3 72. Be8 Bg7 73. Bc6 h5 74. Bf3 g4 75. hxg4 h4 76. Bc6 h3 77. Kc1 h2 78. Kc2 Bf6 79. Kc1 b5 80. g5 Bxg5+ 81. Kc2 Bf6 82. Be4 Bd4 83. Bd5 b4 84. Be4 b3+ 0-1

[Event "Hungarian Youth-ch I 2024"]
[Site "Szolnok"]
[Date "2024.04.03"]
[Round "5.11"]
[White "Feher, Botond"]
[Black "Lehocz, Jozsef Jr."]
[Result "1/2-1/2"]
[ECO "A80"]
[WhiteElo "2018"]
[BlackElo "2143"]
[Annotator "RC"]
[PlyCount "79"]
[EventDate "2024.03.31"]
[EventType "swiss"]
[EventCountry "HUN"]
[SourceTitle "playchess.com"]
[Source "ChessBase"]
[SourceQuality "1"]
[TimeControl "5400+30"]

1. d4 f5 2. Nc3 d5 3. f3 c5 4. e4 e5 5. Nxd5 cxd4 6. Bc4 fxe4 7. fxe4 Qh4+ 8. Kf1 Bd6 9. Qf3 Ne7 10. g3 Qg4 11. h3 Qg6 12. Nxe7 Bxe7 13. Kg2 Rf8 14. Qd3 Nc6 15. Bd2 Bd7 16. Ne2 O-O-O 17. Bd5 Be6 18. Bxe6+ Qxe6 19. a3 Rf7 20. Rhf1 Rdf8 21. Ng1 Kb8 22. Rf3 Rxf3 23. Nxf3 h6 24. Nh2 Nd8 25. Rf1 Nf7 26. Rf5 Nd6 27. Rxf8+ Bxf8 28. Bb4 Be7 29. Bxd6+ Bxd6 30. a4 Qa2 31. b3 a6 32. Nf3 Qb1 33. Nd2 Qc1 34. Nc4 Bc7 35. Qd2 Qb1 36. Qe2 Qc1 37. Qd3 Ka7 38. Nd2 Bd8 39. Nf3 Bf6 40. Qd2 1/2-1/2

[Event "Hungarian Youth-ch I 2024"]
[Site "Szolnok"]
[Date "2024.04.03"]
[Round "5.12"]
[White "Sass, Oscar"]
[Black "Kovacs, Kristof"]
[Result "0-1"]
[ECO "C47"]
[WhiteElo "1867"]
[BlackElo "2000"]
[Annotator "RC"]
[PlyCount "83"]
[EventDate "2024.03.31"]
[EventType "swiss"]
[EventCountry "HUN"]
[SourceTitle "playchess.com"]
[Source "ChessBase"]
[SourceQuality "1"]
[TimeControl "5400+30"]

1. e4 e5 2. Nf3 Nc6 3. Nc3 Nf6 4. d4 exd4 5. Nxd4 Bb4 6. Nxc6 bxc6 7. Bd3 d5 8. exd5 cxd5 9. O-O O-O 10. h3 c6 11. Qf3 h6 12. Bf4 Bd6 13. Rfe1 Be6 14. Ne2 c5 15. b3 d4 16. Bxd6 Qxd6 17. c4 a5 18. Nf4 Bd7 19. Be4 Nxe4 20. Qxe4 a4 21. Nd3 Rfc8 22. Rab1 Qf6 23. Qe5 Bf5 24. Rbd1 Bxd3 25. Qxf6 gxf6 26. Rxd3 Rcb8 27. Re2 axb3 28. axb3 Ra1+ 29. Kh2 Rb1 30. Rf3 Kg7 31. Rg3+ Kf8 32. Rf3 Rb6 33. Rf5 Rc6 34. Rf3 Rd1 35. Rb2 Ke7 36. b4 Rc1 37. b5 Rb6 38. Ra2 Rxc4 39. Ra7+ Ke6 40. Rb3 Rb4 41. Rxb4 cxb4 42. Ra6 0-1

[Event "Hungarian Youth-ch I 2024"]
[Site "Szolnok"]
[Date "2024.04.03"]
[Round "5.13"]
[White "Sinoros-Szabo, Daniel"]
[Black "Horvath, Andras"]
[Result "1/2-1/2"]
[ECO "C47"]
[WhiteElo "1971"]
[BlackElo "2260"]
[Annotator "RC"]
[PlyCount "56"]
[EventDate "2024.03.31"]
[EventType "swiss"]
[EventCountry "HUN"]
[SourceTitle "playchess.com"]
[Source "ChessBase"]
[SourceQuality "1"]
[TimeControl "5400+30"]

1. e4 e5 2. Nf3 Nc6 3. Nc3 Nf6 4. Be2 d5 5. exd5 Nxd5 6. O-O Nxc3 7. bxc3 Bd6 8. d4 O-O 9. Re1 exd4 10. cxd4 Bf5 11. Bd3 Qf6 12. Bg5 Qg6 13. Nh4 Qxg5 14. Nxf5 g6 15. Nxd6 cxd6 16. c3 Rae8 17. Rb1 Qa5 18. Rxe8 Rxe8 19. Qb3 Re7 20. g3 Kg7 21. a4 Rc7 22. Qa3 Qd5 23. Rb5 Qf3 24. Qxd6 Re7 25. Re5 Nxe5 26. dxe5 Re6 27. Qd4 Qh5 28. f4 Qd1+ 1/2-1/2

[Event "Hungarian Youth-ch I 2024"]
[Site "Szolnok"]
[Date "2024.04.03"]
[Round "5.14"]
[White "Jokai, Bence"]
[Black "Toth, Rafael"]
[Result "1/2-1/2"]
[ECO "B44"]
[WhiteElo "1750"]
[BlackElo "1843"]
[Annotator "NA RC"]
[PlyCount "46"]
[EventDate "2024.03.31"]
[EventType "swiss"]
[EventCountry "HUN"]
[SourceTitle "playchess.com"]
[Source "ChessBase"]
[SourceQuality "1"]
[TimeControl "5400+30"]

1. e4 c5 2. Nf3 e6 3. d4 cxd4 4. Nxd4 Nc6 5. Nb5 d6 6. c4 Nf6 7. N1c3 a6 8. Na3 d5 9. exd5 exd5 10. cxd5 Nb4 11. Be2 Nbxd5 12. Nxd5 Qxd5 13. Qxd5 Nxd5 14. Bf3 Be6 15. O-O Bc5 16. Nc2 O-O 17. Be3 Nxe3 18. Nxe3 Rab8 19. Rfd1 b6 20. Nd5 Bxd5 21. Rxd5 Rbd8 22. Rad1 Rxd5 23. Rxd5 Re8 1/2-1/2